 Dungeon Crawl Stone Soup version 0.27.0-1-g7a089689b8 (webtiles) character file.

Game seed: 266123002532222963

231 sasquatch the Cudgeller (level 5, -3/45 HPs)
             Began as a Minotaur Berserker on Aug 4, 2021.
             Was a Priest of Trog.
             Slain by Pikel (10 damage)
             ... on level 4 of the Dungeon.
             The game lasted 00:02:51 (3285 turns).

sasquatch the Cudgeller (Minotaur Berserker)        Turns: 3285, Time: 00:02:52

Health: -3/45      AC:  8    Str: 23    XL:     5   Next: 73%
Magic:  4/4        EV:  8    Int:  4    God:    Trog [***...]
Gold:   121        SH:  0    Dex:  9    Spells: 4/4 levels left

rFire    . . .     SeeInvis .   a - +0 mace
rCold    . . .     Faith    .   (no shield)
rNeg     . . .     Spirit   .   k - +0 chain mail
rPois    .         Reflect  .   (helmet restricted)
rElec    .         Harm     .   (no cloak)
rCorr    .         Rampage  .   (no gloves)
Will     .....                  (no boots)
Stlth    ..........             (no amulet)
HPRegen  0.15/turn              (no ring)
MPRegen  0.09/turn              (no ring)

@: on berserk cooldown, slowed, very slow
A: horns 2, retaliatory headbutt
a: Renounce Religion, Berserk, Trog's Hand


You were on level 4 of the Dungeon.
You worshipped Trog.
Trog was most pleased with you.
You visited 1 branch of the dungeon, and saw 4 of its levels.

You collected 121 gold pieces.

Inventory:

Hand Weapons
 a - a +0 mace (weapon)
Missiles
 l - a throwing net (quivered)
Armour
 k - a +0 chain mail (worn)
Jewellery
 h - a ring of ice
 j - a ring of flight
Scrolls
 b - a scroll of identify {unknown}
 c - 3 scrolls of noise {unknown}
 d - 2 scrolls of vulnerability {unknown}
 e - a scroll of magic mapping {unknown}
 f - a scroll of immolation {unknown}
Potions
 g - a potion of haste {unknown}
 i - a potion of attraction {unknown}


   Skills:
 - Level 3.6 Fighting
 + Level 7.7 Maces & Flails
 - Level 2.4 Armour
 - Level 2.1 Dodging
 + Level 0.8 Stealth


You had 4 spell levels left.
You didn't know any spells.
Your spell library was empty.

Dungeon Overview and Level Annotations

Branches:
Dungeon (4/15)
 Temple: D:4-7

Altars:
Gozag
Ru
Uskayaw
The Shining One

Annotations:
D:4 Pikel


Innate Abilities, Weirdness & Mutations

You have a pair of horns on your head.
You reflexively headbutt those who attack you in melee.


Message History

Unknown command.
Pikel barely misses you.
You closely miss Pikel. The lemure hits you but does no damage.
Pikel hits you with a +0 whip of flaming.
Pikel burns you.
Your chain mail prevents you from hitting Pikel.
Your headbutt misses Pikel. The lemure hits you but does no damage.
The lemure closely misses you. You furiously retaliate!
You headbutt the lemure! The lemure hits you.
You closely miss Pikel.
Pikel hits you with a +0 whip of flaming.
Pikel burns you.
Unknown command.
You closely miss Pikel. You headbutt Pikel!
Pikel is moderately wounded.
The lemure hits you. x3
Pikel hits you with a +0 whip of flaming.
Pikel burns you.
You barely miss Pikel.
Pikel is moderately wounded.
The lemure hits you. The lemure hits you but does no damage.
The lemure completely misses you. Pikel closely misses you.
You barely miss Pikel.
Pikel is moderately wounded.
The lemure hits you!
* * * LOW HITPOINT WARNING * * *
The lemure hits you but does no damage. The lemure closely misses you.
You barely miss Pikel.
Pikel is moderately wounded.
You are no longer berserk.
You are exhausted.
You feel yourself slow down. Pikel misses you.
Unknown command.
You closely miss Pikel. You headbutt Pikel!
Pikel is severely wounded.
The lemure hits you.
* * * LOW HITPOINT WARNING * * *
The lemure hits you but does no damage. x2
Pikel hits you with a +0 whip of flaming!
You die...

#######.#
#555g.>.#
#g#@#....#
# #K# #.##
#g. ..
.... #
.....
....##.
..... ..
#..### ##


You could see Pikel, 3 lemures and 2 gnolls.

Vanquished Creatures
  A lemure (D:4)
  A bullfrog skeleton (D:3)
  A gnoll shaman (D:3)
  An orc wizard (D:3)
  4 gnolls (D:3)
  An adder (D:2)
  A worm (D:2)
  5 dart slugs
  9 orcs (D:3)
  5 endoplasms
  2 giant cockroaches (D:1)
  7 goblins
  5 hobgoblins
  8 jackals (D:1)
  3 quokkas
  5 ball pythons
  5 bats
  3 frilled lizards
  7 kobolds
  7 rats
81 creatures vanquished.

Notes
Turn   | Place    | Note
-------+----------+-------------------------------------------
     0 | D:1      | sasquatch the Minotaur Berserker began the quest for the
                  | Orb.
     0 | D:1      | Reached XP level 1. HP: 19/19 MP: 0/0
    71 | D:1      | Reached skill level 4 in Maces & Flails
    81 | D:1      | Reached XP level 2. HP: 16/26 MP: 1/1
   787 | D:1      | Reached skill level 5 in Maces & Flails
   906 | D:1      | Reached XP level 3. HP: 27/31 MP: 2/2
  1094 | D:1      | Reached ** piety under Trog
  1856 | D:2      | Reached XP level 4. HP: 39/39 MP: 3/3
  1864 | D:2      | Found a faded altar of an unknown god.
  1988 | D:2      | Reached skill level 6 in Maces & Flails
  2257 | D:3      | Found a sacrificial altar of Ru.
  2348 | D:3      | Reached *** piety under Trog
  2349 | D:3      | Reached skill level 7 in Maces & Flails
  2349 | D:3      | Reached XP level 5. HP: 33/45 MP: 4/4
  2927 | D:3      | Found a glowing golden altar of the Shining One.
  3082 | D:3      | Found an opulent altar of Gozag.
  3082 | D:3      | Found a hide-covered altar of Uskayaw.
  3265 | D:4      | Noticed a lemure
  3265 | D:4      | Noticed a lemure
  3265 | D:4      | Noticed a lemure
  3266 | D:4      | Noticed a lemure
  3267 | D:4      | Noticed Pikel
  3276 | D:4      | Killed a lemure
  3285 | D:4      | Slain by Pikel

Illustrated notes

Levels and vault maps discovered:
D:1:      matt_arrival_refuge, layout_loops_ring, serial_bayou_pond_b
D:2:      layout_rooms, hellmonk_ecumenical_altar_run_dry
D:3:      layout_loops_ring, general_overflow_altar,
          nicolae_overflow_hidden_temple, gammafunk_temple_overflow_pools,
          minmay_stone_trees_medium
D:4:      layout_basic, minmay_temple_entry_junction,
          gammafunk_ghost_nasty_kobolds, uniq_pikel

Skill      XL: |  1  2  3  4 |
---------------+-------------+-----
Maces & Flails | 4 5 7 |  7.7
Fighting       | |  3.6
Armour         | |  2.4
Dodging        | |  2.1
Stealth        | |  0.8

Action                   |  1- 3 |  4- 6 || total
-------------------------+-------+-------++-------
Melee: Mace              |    96 |    91 ||   187
       Headbutt          |    16 |    14 ||    30
Invok: Berserk           |     1 |     2 ||     3
Armor: Animal skin       |    14 |     3 ||    17
       Chain mail        |       |    41 ||    41
Dodge: Dodged            |    52 |    52 ||   104
